AoeStats
← RDA Ronan

African Clearing

504883830Analyzed
4v4 RM · 26d ago on Sep 6, 2026· 42m 34s· 8 players
Game mode
Random Map
Map size
Large (8 player)
Population
200
Speed
Normal
Resources
Standard
Victory
Conquest
Starting age
Dark Age
Ending age
Imperial Age
RankedLock teamsTeams togetherTeam positionsShared explorationLock speedFull tech treeHidden civsTurbo modeCheats
Victory
Defeat
🇧🇷 Japanese · Brazil
1346
+13
🇨🇱 Hindustanis · Chile
1344
+13
🇲🇽 Koreans · Mexico
1342
+13
🇨🇦 Bulgarians · Canada
1318
+14
🇦🇷 Burmese · Argentina
1306
-14
🇦🇷 Turks · Argentina
1285
-13
🇦🇷 Magyars · Argentina
1283
-13
🇦🇷 Shu · Argentina
1265
-13
lofty
8:48 Loom
13:11 Feudal Age
14:01 Double-Bit Axe
17:01 Fletching
17:26 Horse Collar
22:33 Padded Archer Armor
23:28 Wheelbarrow
27:41 Castle Age
26:46 Gold Mining
27:25 Town Watch
27:37 Stone Mining
28:43 Leather Archer Armor
28:34 Bodkin Arrow
30:20 Hand Cart
31:53 Scale Barding Armor
31:58 Forging
32:29 Bow Saw
32:19 Heavy Plow
32:35 Bloodlines
32:25 Husbandry
32:46 Chain Barding Armor
36:20 Iron Casting
36:41 Scale Mail Armor
36:28 Gambesons
39:19 Squires
39:04 Arson
40:02 Chain Mail Armor
43:42 Imperial Age
Mionel Lessi
4:46 Loom
14:40 Feudal Age
19:25 Wheelbarrow
19:06 Horse Collar
20:08 Double-Bit Axe
21:47 Fletching
25:04 Castle Age
24:30 Padded Archer Armor
24:29 Stone Mining
24:30 Gold Mining
24:39 Gold Mining
26:19 Town Watch
26:52 Hand Cart
27:52 Bodkin Arrow
29:33 Gold Shaft Mining
29:29 Bow Saw
30:22 Ballistics
30:56 Leather Archer Armor
31:20 Masonry
31:19 Crossbowman
32:55 Thumb Ring
38:10 Imperial Age
37:35 Heavy Plow
39:15 Conscription
39:55 Bracer
40:25 Ring Archer Armor
41:14 Chemistry
41:54 Hoardings
41:05 Arbalester
Pipenho
10:51 Feudal Age
11:20 Loom
12:06 Double-Bit Axe
14:45 Forging
17:29 Scale Barding Armor
20:56 Wheelbarrow
26:15 Castle Age
24:44 Gold Mining
25:45 Bloodlines
26:29 Light Cavalry
27:49 Chain Barding Armor
30:43 Husbandry
34:42 Bow Saw
34:48 Hand Cart
35:22 Gold Shaft Mining
40:51 Scale Mail Armor
40:53 Squires
40:16 Pikeman
40:42 Horse Collar
40:55 Stone Mining
emmanueldltq08
3:14 Loom
12:22 Feudal Age
13:08 Double-Bit Axe
15:30 Forging
15:13 Fletching
18:14 Man-at-Arms
19:44 Horse Collar
20:14 Town Watch
26:44 Castle Age
27:32 Bodkin Arrow
26:59 Crossbowman
27:45 Thumb Ring
31:53 Ballistics
31:50 Heavy Plow
35:02 Wheelbarrow
34:41 Bow Saw
35:38 Stone Mining
38:04 Hand Cart
38:42 Husbandry
40:39 Fervor
43:43 Imperial Age
OPI Sonet
3:38 Loom
12:28 Feudal Age
17:10 Fletching
25:44 Castle Age
27:26 Bodkin Arrow
31:48 Horse Collar
35:52 Gold Mining
36:43 Stone Mining
RDA Ghosti
3:11 Loom
15:10 Feudal Age
19:30 Double-Bit Axe
19:39 Gold Mining
21:17 Scale Mail Armor
21:29 Forging
22:27 Fletching
22:37 Padded Archer Armor
23:16 Wheelbarrow
22:27 Town Watch
27:51 Castle Age
28:16 Crossbowman
28:53 Bodkin Arrow
29:20 Squires
30:38 Bow Saw
32:00 Leather Archer Armor
32:56 Ballistics
40:10 Thumb Ring
RDA Infernus
4:05 Loom
12:14 Feudal Age
12:42 Double-Bit Axe
15:19 Wheelbarrow
20:52 Castle Age
22:25 Bloodlines
23:31 Town Watch
24:09 Husbandry
24:55 Fletching
26:03 Bodkin Arrow
26:51 Scale Barding Armor
28:16 Forging
31:55 Horse Collar
33:59 Chain Barding Armor
39:05 Imperial Age
38:35 Hand Cart
41:32 Conscription
RDA Ronan
6:15 Loom
12:52 Feudal Age
13:59 Man-at-Arms
14:44 Double-Bit Axe
16:59 Gold Mining
23:09 Castle Age
23:01 Fletching
25:13 Bow Saw
27:39 Town Watch
35:46 Horse Collar
37:00 Wheelbarrow
36:37 Heavy Plow
40:52 Imperial Age
39:33 Bodkin Arrow
41:09 Thumb Ring
41:06 Padded Archer Armor
41:20 Heavy Cavalry Archer
42:50 Bracer
Connection lost

Rejoining the realm…

Still unreachable

The connection could not be restored.

Session expired

The server has moved on; the page needs a fresh start.